 Dungeon Crawl Stone Soup version 0.31.0-9-g3a7656b989 (webtiles) character file.

Game seed: 12922236532032523051

47 qw the Shooter (level 3, 0/20 HPs)
             Began as a Deep Elf Hunter on Feb 2, 2024.
             Succumbed to their own poison gas
             ... on level 2 of the Dungeon.
             The game lasted 00:00:04 (1500 turns).

qw the Shooter (Deep Elf Hunter)                    Turns: 1500, Time: 00:00:04

Health: 0/20       AC:  6    Str: 10    XL:     3   Next: 48%
Magic:  5/5        EV: 11    Int: 13    God:
Gold:   119        SH:  0    Dex: 18    Spells: 2/2 levels left

rFire   . . .        a - +0 shortbow
rCold   . . .        (shield currently unavailable)
rNeg    . . .        g - +0 ring mail
rPois   .            (no helmet)
rElec   .            (no cloak)
rCorr   .            (no gloves)
SInv    .            e - +0 pair of boots
Will    .....        f - amulet of faith
Stlth   +            (no ring)
HPRegen 0.23/turn    (no ring)
MPRegen 0.09/turn

%: faith
@: lethally poisoned (0 -> -4)
A: no striking features
a: no special abilities


You were on level 2 of the Dungeon.
You visited 1 branch of the dungeon, and saw 2 of its levels.

You collected 119 gold pieces.


   Skills:
 - Level 1.5 Fighting
 + Level 7.0 Ranged Weapons
 - Level 2.4 Dodging
 - Level 1.2 Stealth


You had 2 spell levels left.
You didn't know any spells.
Your spell library was empty.

Inventory:

Hand Weapons
 a - a +0 shortbow (weapon)
Armour
 e - a +0 pair of boots (worn)
 g - a +0 ring mail (worn)
Jewellery
 f - an amulet of faith (around neck)
Potions
 i - 2 potions of haste

Dungeon Overview and Level Annotations

Branches:
Dungeon (2/15)

Altars:
The Shining One


Message History

It was a scroll of poison.
Done exploring.
1490 ||| DROPPING potion of brilliance.
You drop a potion of brilliance.
Done exploring.
What level of the Dungeon? (default 2, ? - help) Sorry, I don't know how to get there.
Enter note:
Enter note:
Enter note:
Enter note:
Enter note:
Enter note:
Enter note:
Enter note:
Enter note:
Enter note:
Enter note:
Enter note: You are engulfed in poison gas.
You are poisoned.
You feel very sick.
1492 ||| Stepping ~*~*~tactically~*~*~ (cloud).
You feel very sick.
You see here a potion of brilliance.
1493 ||| DRINKING potion of curing.
You feel better.
1493 ||| (to cure poison)
You are engulfed in poison gas.
You are poisoned.
You feel very sick.
1495 ||| Stepping ~*~*~tactically~*~*~ (cloud).
You feel very sick.
You see here a potion of brilliance.
There is a lethal amount of poison in your body!
You feel sick.
There is a lethal amount of poison in your body!
You feel sick.
There is a lethal amount of poison in your body!
You feel sick.
There is a lethal amount of poison in your body!
You feel sick.
There is a lethal amount of poison in your body!
You die...

...#...#.....##.#.######.#.##.#
...#...#.....##.#......#.#.##)#
......##..#####.######.#.#.##.#
...#..##..# #..........#.##.#
...#..##..# ########.###.##.#
...#..##.¤############¤###.##.#
......##..0..¤..¤¤¤000¤..#.##.#
......##.0¤¤¤0¤#0¤00..¤.......#
......##.¤0¤0000@¤¤¤¤.0....####
......##.¤###+#.0###########
......##......#¤0#
_..##.##.######.0# ......##.#
#¤0# ...#####.# #00# #### #.#
#¤¤# #.# #0¤# #.# #..#


There were no monsters in sight!

Vanquished Creatures
  2 adders (D:2)
  A ribbon worm (D:2)
  2 endoplasms (D:1)
  2 giant cockroaches (D:2)
  3 goblins
  4 hobgoblins
  3 kobolds
  A quokka (D:2)
  A ball python (D:1)
  3 bats
  A frilled lizard (D:2)
  3 rats
26 creatures vanquished.

Notes
Turn   | Place    | Note
-------+----------+-------------------------------------------
     0 | D:1      | qw the Deep Elf Hunter began the quest for the Orb.
     0 | D:1      | Reached XP level 1. HP: 12/12 MP: 3/3
     0 | D:1      | 0 ||| qw: Version: 0.3-a-155-g5e7d8dd
     0 | D:1      | 0 ||| qw: Game counter: 823
     0 | D:1      | 0 ||| qw: Melee chars always use a shield: true
     0 | D:1      | 0 ||| qw: God list: Okawaru
     0 | D:1      | 0 ||| qw: Allow faded altars: false
     0 | D:1      | 0 ||| qw: Do Orc after clearing Dungeon:15 true
     0 | D:1      | 0 ||| qw: Do second Lair branch before Depths: true
     0 | D:1      | 0 ||| qw: Lair rune preference: random
     0 | D:1      | 0 ||| qw: Goals: Normal
     0 | D:1      | 0 ||| PLANNING D:1-11
   466 | D:1      | Reached XP level 2. HP: 16/16 MP: 4/4
   479 | D:1      | Reached skill level 6 in Ranged Weapons
   743 | D:1      | 743 ||| UPGRADING to +0 ring mail.
   753 | D:1      | 753 ||| DROPPING +0 leather armour.
   754 | D:1      | 754 ||| UPGRADING to amulet of faith.
   759 | D:1      | 759 ||| READING scroll labelled IBERYEZEMO.
   760 | D:1      | 760 ||| READING scroll labelled JUMARU ZING.
   760 | D:1      | 760 ||| IDENTIFYING yellow potion
   761 | D:1      | 761 ||| DRINKING 3 white potions.
   762 | D:1      | 762 ||| DROPPING scroll of butterflies.
   949 | D:2      | Reached XP level 3. HP: 20/20 MP: 5/5
   954 | D:2      | Found a faded altar of an unknown god.
  1298 | D:2      | Found a glowing golden altar of the Shining One.
  1401 | D:2      | Reached skill level 7 in Ranged Weapons
  1483 | D:2      | 1483 ||| UPGRADING to +0 pair of boots.
  1488 | D:2      | 1488 ||| READING scroll of identify.
  1488 | D:2      | 1488 ||| IDENTIFYING purple potion
  1489 | D:2      | 1489 ||| READING scroll labelled QUGIENT AMOLY.
  1490 | D:2      | 1490 ||| DROPPING potion of brilliance.
  1492 | D:2      | 1492 ||| Stepping ~*~*~tactically~*~*~ (cloud).
  1493 | D:2      | 1493 ||| DRINKING potion of curing.
  1493 | D:2      | 1493 ||| (to cure poison)
  1495 | D:2      | 1495 ||| Stepping ~*~*~tactically~*~*~ (cloud).
  1496 | D:2      | HP: 5/20 [poisoned by you (poison gas)]
  1498 | D:2      | HP: 2/20 [poisoned by you (poison gas)]
  1500 | D:2      | Succumbed to their own poison gas

Levels and vault maps discovered:
D:1:      minmay_arrival_glassed_features, layout_basic
D:2:      layout_basic, dreamdust_ecumenical_altar_statues, basic_altar,
          minmay_misc_feat_iff

Skill      XL: |  1  2  3 |
---------------+----------+-----
Ranged Weapons | 6 7 |  7.0
Fighting       | |  1.5
Dodging        | |  2.4
Stealth        | |  1.2

Action                     || total
---------------------------++-------
   Fire: Shortbow          ||    58
    Use: Scroll            ||     4
         Potion            ||     2
 Armour: Ring mail         ||     6
  Dodge: Dodged            ||     7

Table legend:
 A = Non-vault XP
 B = Vault XP
 C = Vault XP percentage of total XP
 D = Non-vault monster count
 E = Vault monster count
 F = Vault count percentage of total count
                 A         B        C        D         E       F
            +---------+---------+-------+---------+---------+-------
      Total |      68 |       0 |   0.0 |      26 |       0 |   0.0
            +---------+---------+-------+---------+---------+-------
        D:1 |      18 |       0 |   0.0 |      11 |       0 |   0.0
        D:2 |      50 |       0 |   0.0 |      15 |       0 |   0.0
            +---------+---------+-------+---------+---------+-------
